 Dungeon Crawl Stone Soup version 0.17.1-1-g73c8601 (webtiles) character file.

249 abixa the Charmwright (level 5, 0/45 HPs)
             Began as a Demigod Skald on Jan 7, 2016.
             Killed from afar by Natasha (4 damage)
             ... with a magic dart
             ... on level 4 of the Dungeon.
             The game lasted 00:14:29 (3391 turns).

abixa the Charmwright (Demigod Skald)               Turns: 3391, Time: 00:14:29

Health: 0/45       AC:  5    Str: 15    XL:     5   Next: 56%
Magic:  10/10      EV: 11    Int: 18    God:
Gold:   114        SH:  0    Dex: 15    Spells: 3 memorised, 3 levels left

rFire  . . .     SeeInvis .     e - +0 dagger (venom)
rCold  . . .     Clarity  .     b - +0 leather armour
rNeg   . . .     SustAt   +     (no shield)
rPois  .         Gourm    .     (no helmet)
rElec  .         Spirit   .     (no cloak)
rCorr  .         Warding  .     y - +1 pair of gloves
rMut   .         Stasis   .     (no boots)
MR     .....                    (no amulet)
Stlth  +.........               (no ring)
                                (no ring)

@: not resistant to hostile enchantments, very unstealthy
A: high mp 1, sustain attributes
a: no special abilities


You were on level 4 of the Dungeon.
You were hungry.

You visited 1 branch of the dungeon, and saw 4 of its levels.

You collected 114 gold pieces.

Inventory:

Hand Weapons
 a - a +0 hand axe
 e - a +0 dagger of venom (weapon)
Missiles
 g - 37 stones (quivered)
 m - 14 arrows
 n - 5 curare-tipped needles
 p - 50 bolts
 r - 5 sling bullets
 w - 2 poisoned needles
 z - 11 poisoned bolts
Armour
 b - a +0 leather armour (worn)
 y - a +1 pair of gloves (worn)
 A - a +0 ring mail
Jewellery
 B - an uncursed amulet of guardian spirit {unknown}
Scrolls
 f - 3 scrolls of remove curse {unknown}
 i - 4 scrolls of identify {unknown}
 j - 3 scrolls of magic mapping {unknown}
 l - a scroll of enchant weapon {unknown}
 o - 3 scrolls of noise {unknown}
 s - 2 scrolls of enchant armour {unknown}
 x - a scroll of random uselessness {unknown}
 C - 2 scrolls of teleportation {unknown}
Potions
 k - a potion of heal wounds {unknown}
 q - 2 potions of curing {unknown}
 t - 2 potions of beneficial mutation {unknown}
 v - a potion of agility {unknown}
Books
 c - a book of Battle

   Spells                             Type                      Level
   a - Infusion                       Charms                       1
   b - Shroud of Golubria             Charms/Translocation         2
   c - Song of Slaying                Charms                       2
   d - Spectral Weapon                Hexes/Charms                 3
   e - Regeneration                   Charms/Necromancy            3
Comestibles
 d - 2 bread rations
 h - 2 slices of pizza
 u - a beef jerky


   Skills:
 + Level 3.1 Fighting
 - Level 2.0 Axes
 - Level 1.0 Armour
 - Level 1.0 Dodging
 - Level 2.0 Spellcasting
 * Level 5.1 Charms


You had 3 spell levels left.
You knew the following spells:

 Your Spells              Type           Power        Failure   Level  Hunger
a - Infusion              Chrm           ###...       2%          1    #......
b - Song of Slaying       Chrm           ###.....     4%          2    ###....
c - Shroud of Golubria    Chrm/Tloc      ##........   12%         2    ###....


Dungeon Overview and Level Annotations

Branches:
Dungeon (4/15)
 Temple: D:4-7

Annotations:
D:3 Bubs's ghost, amateur DsAK
D:4 Blork the orc; Menkaure; Natasha


Innate Abilities, Weirdness & Mutations

You have an increased reservoir of magic (+10% MP).
Your attributes are resistant to harm.


Message History

Natasha stares at you and mumbles some strange words.
The magic dart hits you! Natasha claws you but does no damage.
You barely miss Natasha. Natasha barely misses you.
Menkaure calls on the powers of darkness!
Your body is wracked with pain!
Natasha convulses!
Menkaure gestures at you while chanting.
Pain shoots through your body!
* * * LOW HITPOINT WARNING * * *
Natasha claws you but does no damage.
Menkaure shouts, "You disturbed my rest!
Die!"
Natasha stares at you and mumbles some strange words.
The magic dart hits you!
* * * LOW HITPOINT WARNING * * *
Found 13 stones.
Menkaure gestures wildly while chanting.
Menkaure seems to speed up.
Natasha stares at you and mumbles some strange words.
The magic dart hits you!
You die...

.... #.........####....
...... ... ##..##....
....... #.. #......#..
......##.####
#....#....
.....#.....###....#....
#.##.......#..........
#........M.......#....
###.#.h...............
#.@..##........####.
#..........#.........
..(.....####...%.......
#........##
.....#....%M ######...#
.###.#....... #....
.......>.. #.... #.
#....... #....#
#....... #.......


You could see Menkaure and Natasha.

Vanquished Creatures
  A hound (D:3)
  Jessica (D:3)
  A worker ant (D:4)
  A gnoll (D:3)
  4 adders
  2 oozes
  5 worms
  3 giant geckos
  4 orcs (D:3)
  11 goblins
  12 hobgoblins
  7 jackals
  10 kobolds
  2 quokkas (D:3)
  A ball python (D:3)
  10 bats
  A giant cockroach (D:3)
  11 giant newts
  12 rats
99 creatures vanquished.

Notes
Turn   | Place    | Note
--------------------------------------------------------------
     0 | D:1      | abixa the Demigod Skald began the quest for the Orb.
     0 | D:1      | Reached XP level 1. HP: 17/17 MP: 5/5
    81 | D:1      | Reached skill level 1 in Armour
    82 | D:1      | Reached skill level 3 in Charms
   214 | D:1      | Reached XP level 2. HP: 24/24 MP: 2/7
   303 | D:1      | Reached skill level 1 in Dodging
   627 | D:1      | Learned a level 2 spell: Song of Slaying
   916 | D:2      | Reached XP level 3. HP: 10/29 MP: 8/8
  1239 | D:2      | Learned a level 2 spell: Shroud of Golubria
  1543 | D:2      | Reached skill level 4 in Charms
  1543 | D:2      | Reached XP level 4. HP: 31/36 MP: 4/9
  1712 | D:3      | Noticed Bubs's ghost (amateur DsAK)
  2219 | D:3      | Found an iron altar of Okawaru.
  2460 | D:3      | Noticed Jessica
  2476 | D:3      | Killed Jessica
  2609 | D:2      | Reached XP level 5. HP: 33/44 MP: 3/10
  3078 | D:3      | Reached skill level 5 in Charms
  3218 | D:4      | Noticed Menkaure
  3238 | D:4      | Noticed Blork the orc
  3377 | D:4      | Noticed Natasha
  3391 | D:4      | Killed from afar by Natasha

Action                   |  1- 3 |  4- 6 || total
-------------------------+-------+-------++-------
Melee: Dagger            |   130 |   145 ||   275
       Hand axe          |     3 |       ||     3
Throw: Stone             |    11 |     2 ||    13
 Cast: Infusion          |    16 |    16 ||    32
  Eat: Chunk             |     2 |     6 ||     8
